[Event "DFMMLV 2019"]
[Site "Braunfels"]
[Date "2019.06.20"]
[Round "1.2"]
[White "Meier, Annemarie"]
[Black "Mucha, Annegret"]
[Result "1/2-1/2"]
[ECO "E16"]
[WhiteElo "2267"]
[BlackElo "2050"]
[Annotator "NA"]
[PlyCount "49"]
[EventDate "2019.06.20"]
[EventType "team-tourn"]
[EventCountry "GER"]
[SourceTitle "playchess.com"]
[Source "ChessBase"]
[SourceQuality "1"]
[WhiteTeam "Wuerttemberg 1"]
[BlackTeam "Thueringen"]
[TimeControl "40/5400+30:1800+30"]

1. Nf3 Nf6 2. c4 b6 3. g3 Bb7 4. d4 e6 5. Bg2 Bb4+ 6. Bd2 Be7 7. Nc3 O-O 8. Qc2 d5 9. cxd5 Nxd5 10. O-O Nd7 11. Nxd5 exd5 12. Rfd1 c5 $14 13. Bc3 c4 14. Ne5 b5 15. a3 Qc7 16. Qd2 Bd6 17. Ba5 Nb6 18. f4 f6 19. Ng4 Rfe8 20. Bf3 Qf7 21. Re1 Nd7 22. Ne3 f5 23. Nd1 Nf6 24. Nc3 a6 25. Nd1 1/2-1/2

[Event "DFMMLV 2019"]
[Site "Braunfels"]
[Date "2019.06.20"]
[Round "1.3"]
[White "Skibbe, Diana"]
[Black "Mira, Helene"]
[Result "0-1"]
[ECO "B07"]
[WhiteElo "1986"]
[BlackElo "2029"]
[Annotator "NA"]
[PlyCount "114"]
[EventDate "2019.06.20"]
[EventType "team-tourn"]
[EventCountry "GER"]
[SourceTitle "playchess.com"]
[Source "ChessBase"]
[SourceQuality "1"]
[WhiteTeam "Thueringen"]
[BlackTeam "Wuerttemberg 1"]
[TimeControl "40/5400+30:1800+30"]

1. e4 d6 2. d4 Nf6 3. Nc3 c6 4. Bd3 e5 5. Nf3 Nbd7 6. Ne2 g6 7. c3 Bg7 8. Ng3 O-O 9. h4 h5 10. Bg5 Qb6 11. Qc2 exd4 12. cxd4 Ng4 13. Be3 Nxe3 14. fxe3 Qa5+ 15. Nd2 Nf6 16. O-O Ng4 17. Rae1 Qd8 18. Nf3 Bh6 19. Qc1 Qe7 20. Re2 Bd7 21. Rfe1 Rae8 22. Nf1 f5 23. Qc4+ Kg7 24. exf5 d5 25. Qc5 Bxf5 26. e4 Qxc5 27. dxc5 dxe4 28. Bxe4 Bxe4 29. Rxe4 Rxe4 30. Rxe4 Kf6 31. g3 Rd8 32. Kg2 Rd5 33. b4 Rd1 34. N1h2 Ne3+ 35. Kh3 Rd3 36. Ne5 Kf5 37. Nxd3 Kxe4 38. Nf2+ Kd4 39. Nf3+ Kc4 40. Ne5+ Kxb4 41. Nxg6 Kxc5 42. g4 hxg4+ 43. Nxg4 Nxg4 44. Kxg4 Kb4 45. Ne5 Bg7 46. Kf5 c5 47. Nd3+ Kc4 48. Ke4 b6 49. h5 Kc3 50. Nf4 Bh6 51. Nd3 c4 52. Ne5 b5 53. Kd5 Bg7 54. Nc6 b4 55. Nxa7 b3 56. Nb5+ Kb4 57. axb3 cxb3 0-1

[Event "DFMMLV 2019"]
[Site "Braunfels"]
[Date "2019.06.20"]
[Round "1.4"]
[White "Gheng, Simona"]
[Black "Nguyen, Ha Thanh"]
[Result "1-0"]
[ECO "C05"]
[WhiteElo "1991"]
[BlackElo "1940"]
[Annotator "NA"]
[PlyCount "71"]
[EventDate "2019.06.20"]
[EventType "team-tourn"]
[EventCountry "GER"]
[SourceTitle "playchess.com"]
[Source "ChessBase"]
[SourceQuality "1"]
[WhiteTeam "Wuerttemberg 1"]
[TimeControl "40/5400+30:1800+30"]

1. e4 e6 2. d4 d5 3. Nd2 Nf6 4. Bd3 c5 5. exd5 Nxd5 6. Ngf3 Nc6 7. O-O cxd4 8. Nb3 Bd7 9. Nbxd4 Nxd4 10. Nxd4 Bd6 11. Qg4 Nf6 12. Qf3 Be5 13. Be3 Qc7 14. h3 a6 15. c3 O-O 16. Rfe1 Rfe8 17. Rad1 Ba4 18. b3 Bd7 19. c4 Qa5 20. Bb1 Rad8 21. Bd2 Qc7 22. Be3 Qa5 23. Qe2 Bxd4 24. Bxd4 Qg5 25. Bxf6 Qxf6 26. Qe4 g6 27. Qxb7 Bc8 28. Qc7 Rd4 29. Bc2 Red8 30. Rxd4 Qxd4 31. Rd1 Qxd1+ 32. Bxd1 Rxd1+ 33. Kh2 Bd7 34. c5 Bb5 35. a4 Be2 36. Qb8+ 1-0

[Event "DFMMLV 2019"]
[Site "Braunfels"]
[Date "2019.06.20"]
[Round "1.5"]
[White "Jacke, Corinna"]
[Black "Zeller, Elisa"]
[Result "1/2-1/2"]
[ECO "C07"]
[WhiteElo "2001"]
[BlackElo "1953"]
[Annotator "NA"]
[PlyCount "61"]
[EventDate "2019.06.20"]
[EventType "team-tourn"]
[EventCountry "GER"]
[SourceTitle "playchess.com"]
[Source "ChessBase"]
[SourceQuality "1"]
[WhiteTeam "Thueringen"]
[BlackTeam "Wuerttemberg 1"]
[TimeControl "40/5400+30:1800+30"]

1. e4 e6 2. d4 d5 3. Nd2 c5 4. exd5 Qxd5 5. Ngf3 cxd4 6. Bc4 Qd7 7. Nb3 Nc6 8. Nbxd4 Nxd4 9. Nxd4 a6 10. a4 Nf6 11. O-O Bc5 12. Nf3 O-O 13. Qe2 Qc7 14. Bg5 Be7 15. Rfe1 b6 16. Rad1 Kh8 17. Ne5 Bb7 18. Bf4 Qc5 19. Nxf7+ Rxf7 20. Qxe6 Rff8 21. Re5 Qb4 22. c3 Qxa4 23. b3 Qc6 24. Qxc6 Bxc6 25. Rxe7 b5 26. Bf7 Ne4 27. Be5 Rad8 28. Rd4 Rxd4 29. Bxd4 Nf6 30. Rc7 Be4 31. Re7 1/2-1/2

[Event "DFMMLV 2019"]
[Site "Braunfels"]
[Date "2019.06.20"]
[Round "1.6"]
[White "Heil, Marina"]
[Black "Schulz, Theresa Charlotte"]
[Result "0-1"]
[ECO "B20"]
[WhiteElo "1979"]
[BlackElo "1603"]
[Annotator "NA"]
[PlyCount "90"]
[EventDate "2019.06.20"]
[EventType "team-tourn"]
[EventCountry "GER"]
[SourceTitle "playchess.com"]
[Source "ChessBase"]
[SourceQuality "1"]
[WhiteTeam "Wuerttemberg 1"]
[BlackTeam "Thueringen"]
[TimeControl "40/5400+30:1800+30"]

1. e4 c5 2. d3 Nc6 3. f4 e6 4. Nf3 Nge7 5. Be2 d5 6. O-O g6 7. c3 Bg7 8. Qe1 b5 9. Be3 d4 10. Bf2 Bb7 11. a3 a5 12. Qc1 Rc8 13. Ra2 O-O 14. c4 b4 15. Nbd2 Qc7 16. Nb3 Qb6 17. a4 e5 18. Bh4 Rce8 19. Bg3 Bh6 20. Ng5 exf4 21. Bxf4 Bxg5 22. Bxg5 f5 23. Bh6 Rf7 24. Qf4 Nd8 25. Qe5 Ne6 26. Nxa5 Bc8 27. Nb3 Nc6 28. Qg3 Ng7 29. Bf3 Ne5 30. Bxg7 Kxg7 31. exf5 Bxf5 32. Bd5 Rf6 33. a5 Qa7 34. Re1 Qc7 35. Nxc5 Qxc5 36. Rxe5 Rxe5 37. Qxe5 Bxd3 38. b3 Qd6 39. Qe1 Rf1+ 40. Qxf1 Bxf1 41. a6 Bxc4 42. Bxc4 d3 43. Rd2 Qd4+ 44. Kf1 Qf4+ 45. Ke1 Qe3+ 0-1

[Event "DFMMLV 2019"]
[Site "Braunfels"]
[Date "2019.06.20"]
[Round "1.7"]
[White "Schulz, Theresa Charlotte"]
[Black "Valkova, Anzhelika"]
[Result "0-1"]
[ECO "C11"]
[WhiteElo "1603"]
[BlackElo "1944"]
[Annotator "NA"]
[PlyCount "44"]
[EventDate "2019.06.20"]
[EventType "team-tourn"]
[EventCountry "GER"]
[SourceTitle "playchess.com"]
[Source "ChessBase"]
[SourceQuality "1"]
[BlackTeam "Wuerttemberg 1"]
[TimeControl "40/5400+30:1800+30"]

1. e4 e6 2. Nf3 d5 3. Nc3 Nf6 4. e5 Nfd7 5. d4 c5 6. Be3 Nc6 7. Be2 a6 8. O-O Qc7 9. Bf4 cxd4 10. Nxd4 Ncxe5 11. Kh1 Bb4 12. Nb1 O-O 13. c3 Bd6 14. Nd2 Rb8 15. a4 Nc4 16. Bxd6 Nxd6 17. Rc1 b5 18. axb5 axb5 19. b3 Ba6 20. Re1 Qb6 21. Kg1 Rfc8 22. Nb1 Ne4 0-1

[Event "DFMMLV 2019"]
[Site "Braunfels"]
[Date "2019.06.20"]
[Round "1.8"]
[White "Noppes, Marina"]
[Black "Meyer, Jessica"]
[Result "1-0"]
[ECO "E21"]
[WhiteElo "1983"]
[BlackElo "1344"]
[Annotator "NA"]
[PlyCount "59"]
[EventDate "2019.06.20"]
[EventType "team-tourn"]
[EventCountry "GER"]
[SourceTitle "playchess.com"]
[Source "ChessBase"]
[SourceQuality "1"]
[WhiteTeam "Wuerttemberg 1"]
[BlackTeam "Thueringen"]
[TimeControl "40/5400+30:1800+30"]

1. d4 Nf6 2. Nf3 e6 3. c4 b6 4. Nc3 Bb4 5. Bd2 Bxc3 6. Bxc3 Bb7 7. e3 O-O 8. Bd3 c5 9. dxc5 bxc5 10. Qc2 h6 11. h4 d6 12. O-O-O Qc7 13. Bxf6 gxf6 14. Rhg1 Kh8 15. Nd2 Nd7 16. g4 Rg8 17. f4 Rg7 18. g5 f5 19. gxh6 Rxg1 20. Rxg1 Rg8 21. Rxg8+ Kxg8 22. Bxf5 exf5 23. Qxf5 Nf8 24. Qg5+ Ng6 25. h5 Qe7 26. hxg6 Qxg5 27. gxf7+ Kxf7 28. fxg5 Kg6 29. Kc2 Bc6 30. Kd3 1-0

[Event "DFMMLV 2019"]
[Site "Braunfels"]
[Date "2019.06.20"]
[Round "1.9"]
[White "Kushka, Alena"]
[Black "Zschischang, Marine"]
[Result "1/2-1/2"]
[ECO "D31"]
[WhiteElo "2148"]
[BlackElo "2060"]
[Annotator "NA"]
[PlyCount "87"]
[EventDate "2019.06.20"]
[EventType "team-tourn"]
[EventCountry "GER"]
[SourceTitle "playchess.com"]
[Source "ChessBase"]
[SourceQuality "1"]
[WhiteTeam "Hessen 1"]
[BlackTeam "Niedersachsen Bremen"]
[TimeControl "40/5400+30:1800+30"]

1. d4 e6 2. c4 d5 3. Nc3 c6 4. e3 Bd6 5. Nf3 Nd7 6. e4 dxc4 7. e5 Bb8 8. Bxc4 b5 9. Bd3 Bb7 10. O-O Ne7 11. Bg5 $16 h6 12. Bh4 Qb6 13. Bxe7 Kxe7 14. a4 a6 15. a5 Qa7 16. b4 g5 17. h3 Bc7 18. Bb1 Rag8 19. Ne4 g4 20. hxg4 Rxg4 21. Nh2 Rg7 22. Ra3 Qa8 23. Qh5 Qg8 24. Qh4+ Ke8 25. Rg3 h5 26. Re1 Rxg3 27. fxg3 Qf8 28. Nc5 Nxc5 29. dxc5 Qg7 30. Qf4 Rg8 31. Kf2 h4 32. g4 f6 33. exf6 Bxf4 34. fxg7 Bg3+ 35. Kf1 Bxe1 36. Kxe1 Rxg7 37. Ke2 Bc8 38. Be4 Bd7 39. Ke3 Ke7 40. Kf4 Rf7+ 41. Ke5 Rg7 42. Kf4 Ke8 43. Ke3 e5 44. Kf2 1/2-1/2

[Event "DFMMLV 2019"]
[Site "Braunfels"]
[Date "2019.06.20"]
[Round "1.10"]
[White "Moenster, Madita"]
[Black "Rieseler, Caroline"]
[Result "0-1"]
[ECO "B33"]
[WhiteElo "1994"]
[BlackElo "2111"]
[Annotator "NA"]
[PlyCount "78"]
[EventDate "2019.06.20"]
[EventType "team-tourn"]
[EventCountry "GER"]
[SourceTitle "playchess.com"]
[Source "ChessBase"]
[SourceQuality "1"]
[WhiteTeam "Niedersachsen Bremen"]
[BlackTeam "Hessen 1"]
[TimeControl "40/5400+30:1800+30"]

1. e4 c5 2. Nf3 Nc6 3. d4 cxd4 4. Nxd4 Nf6 5. Nc3 e5 6. Ndb5 d6 7. Bg5 a6 8. Na3 b5 9. Bxf6 gxf6 10. Nd5 Bg7 11. c3 f5 12. Nxb5 O-O 13. Na3 fxe4 14. Qa4 $11 Bb7 15. Qxe4 f5 16. Qd3 Ne7 17. Ne3 d5 18. Nec2 Rc8 19. f3 Bh6 20. Qe2 Ng6 21. Qf2 Qf6 22. Be2 Kh8 23. O-O Rg8 24. Kh1 Nf4 25. g3 Ne6 26. Rfd1 Rgd8 27. Qb6 Rd7 28. Nb4 Bf8 29. Nd3 e4 30. Nf4 Rc6 31. Qe3 Bc5 32. Qc1 d4 33. Nxe6 Qxe6 34. cxd4 Bxd4 35. Bc4 exf3 36. Qg5 Rxc4 37. h3 f2+ 38. Kh2 Qe4 39. Nxc4 Qg2# 0-1

[Event "DFMMLV 2019"]
[Site "Braunfels"]
[Date "2019.06.20"]
[Round "1.11"]
[White "Bluebaum, Johanna"]
[Black "Aden, Dagmar"]
[Result "1-0"]
[ECO "D35"]
[WhiteElo "2003"]
[BlackElo "1855"]
[Annotator "NA"]
[PlyCount "125"]
[EventDate "2019.06.20"]
[EventType "team-tourn"]
[EventCountry "GER"]
[SourceTitle "playchess.com"]
[Source "ChessBase"]
[SourceQuality "1"]
[WhiteTeam "Hessen 1"]
[BlackTeam "Niedersachsen Bremen"]
[TimeControl "40/5400+30:1800+30"]

1. d4 d5 2. c4 e6 3. Nc3 Nf6 4. cxd5 exd5 5. Bg5 Be7 6. e3 O-O 7. Bd3 Nbd7 8. Nge2 c6 9. Qc2 Re8 10. O-O Nf8 11. f3 h6 12. Bh4 N6h7 13. Bf2 Bd6 14. e4 Be6 15. e5 Be7 16. f4 Bg4 17. h3 Bxe2 18. Nxe2 Qc7 19. f5 Ng5 20. Nf4 Rad8 21. h4 Ngh7 22. Rae1 f6 23. Ne6 Nxe6 24. fxe6 Nf8 25. Bf5 fxe5 26. Bg3 Qb6 27. Bxe5 Bxh4 28. Re3 Re7 29. Qe2 c5 30. Rb3 Qc6 31. Qg4 Bg5 32. dxc5 Qxc5+ 33. Bd4 Qd6 34. Bxa7 Rc8 35. Re1 Rc4 36. Qe2 Rf4 37. Bh3 d4 38. Qe5 Qxe5 39. Rxe5 Rh4 40. Bc5 Ng6 41. Bxe7 Nxe5 42. Bxg5 hxg5 43. Rxb7 Kf8 44. Rb5 Re4 45. Bf5 Re2 46. Kf1 Re3 47. Rb8+ Ke7 48. Rb7+ Kf8 49. Rb4 d3 50. Rd4 g6 51. Be4 Ke7 52. a4 Re2 53. b4 Ra2 54. a5 Ra3 55. Ke1 Kxe6 56. Bb7 Ra1+ 57. Kd2 Ra2+ 58. Kc3 Rc2+ 59. Kb3 Rc1 60. a6 Ra1 61. Kc3 Rc1+ 62. Kb2 Rc2+ 63. Kb3 1-0

[Event "DFMMLV 2019"]
[Site "Braunfels"]
[Date "2019.06.20"]
[Round "1.12"]
[White "Wollscheid, Stefanie"]
[Black "Lukas, Anne"]
[Result "0-1"]
[ECO "B35"]
[WhiteElo "1705"]
[BlackElo "1842"]
[Annotator "NA"]
[PlyCount "100"]
[EventDate "2019.06.20"]
[EventType "team-tourn"]
[EventCountry "GER"]
[SourceTitle "playchess.com"]
[Source "ChessBase"]
[SourceQuality "1"]
[BlackTeam "Hessen 1"]
[TimeControl "40/5400+30:1800+30"]

1. e4 c5 2. Nf3 g6 3. d4 cxd4 4. Nxd4 Bg7 5. Nc3 Nc6 6. Be3 Nf6 7. Bc4 Na5 8. Bb3 O-O 9. O-O d6 10. Qd2 Ng4 11. Rab1 Nxe3 12. fxe3 Bd7 13. Rf2 Rc8 14. Rbf1 Nc4 15. Bxc4 Rxc4 16. b3 Rc8 17. Nd5 b5 18. Nf3 e6 19. Nf4 Qb6 20. Ng5 h6 21. Nxf7 Rxf7 22. Nxg6 Rxf2 23. Qxf2 Kh7 24. Qg3 Be8 25. Nf8+ Kh8 26. Nxe6 Qb7 27. Qxd6 Qc6 28. Qe7 Qc3 29. Rf8+ Kh7 30. Rf1 Bh5 31. Nxg7 Qxg7 32. Qe6 Rxc2 33. Qf5+ Bg6 34. Qf3 Qe7 35. e5 Qxe5 36. h4 Rc7 37. Qf4 Qe7 38. Rf2 Rc3 39. Rf3 a5 40. Rg3 Rc1+ 41. Kh2 a4 42. bxa4 Rc4 43. e4 Rxe4 44. Qd2 Rxh4+ 45. Rh3 Rxh3+ 46. Kxh3 bxa4 47. Qc3 Qe6+ 48. g4 Qxa2 49. Qc7+ Qf7 50. Qc3 Qb3 0-1

[Event "DFMMLV 2019"]
[Site "Braunfels"]
[Date "2019.06.20"]
[Round "1.13"]
[White "Frank, Michelle Viviane"]
[Black "Grabowski, Petra"]
[Result "1-0"]
[ECO "A40"]
[WhiteElo "1915"]
[BlackElo "1626"]
[Annotator "NA RC"]
[PlyCount "85"]
[EventDate "2019.06.20"]
[EventType "team-tourn"]
[EventCountry "GER"]
[SourceTitle "playchess.com"]
[Source "ChessBase"]
[SourceQuality "1"]
[BlackTeam "Niedersachsen Bremen"]
[TimeControl "40/5400+30:1800+30"]

1. d4 e6 2. c3 d5 3. Bf4 c5 4. e3 Nf6 5. Nd2 Nbd7 6. Ngf3 cxd4 7. exd4 Be7 8. Bd3 Nh5 9. Bg3 Nxg3 10. hxg3 g6 11. Qe2 Bf6 12. g4 Qe7 13. O-O-O Nb6 14. Ne5 Bd7 15. f4 O-O-O 16. g5 Bg7 17. Rh3 f6 18. gxf6 Qxf6 19. Qe3 Be8 20. Ndf3 h6 21. Rdh1 Nd7 22. g3 Nxe5 23. dxe5 Qf8 24. Qxa7 g5 25. Nd4 Bd7 26. Bb5 gxf4 27. Bxd7+ Rxd7 28. Qa8+ Kc7 29. Nxe6+ Kc6 30. Qa4+ Kb6 31. Nxf8 Rf7 32. Qb4+ Ka7 33. Ng6 Rg8 34. Qd4+ Ka8 35. Qxd5 Rc8 36. Qxf7 fxg3 37. Rxg3 Bh8 38. Nxh8 Rxh8 39. Rg7 Rb8 40. Rh4 Ka7 41. Ra4+ Kb6 42. Rg6+ Kc5 43. Qc4# 1-0

[Event "DFMMLV 2019"]
[Site "Braunfels"]
[Date "2019.06.20"]
[Round "1.14"]
[White "Wenke, Andrea"]
[Black "Werner, Rosalie"]
[Result "1/2-1/2"]
[ECO "C01"]
[WhiteElo "1756"]
[BlackElo "1610"]
[Annotator "NA"]
[PlyCount "132"]
[EventDate "2019.06.20"]
[EventType "team-tourn"]
[EventCountry "GER"]
[SourceTitle "playchess.com"]
[Source "ChessBase"]
[SourceQuality "1"]
[WhiteTeam "Niedersachsen Bremen"]
[BlackTeam "Hessen 2"]
[TimeControl "40/5400+30:1800+30"]

1. e4 e6 2. d4 d5 3. exd5 exd5 4. Nc3 c6 5. Bd3 Bd6 6. Nf3 Ne7 7. Ng5 Bf5 8. Qf3 Qd7 9. O-O O-O 10. Qh5 Bxd3 11. cxd3 Qf5 12. Qf3 Nd7 13. Ne2 Qxf3 14. Nxf3 Ng6 15. Bd2 Rfe8 16. Ng3 Nf4 17. Bxf4 Bxf4 18. Rfe1 g6 19. Kf1 f6 20. Re2 Kf7 21. b4 a6 22. a4 Rxe2 23. Nxe2 Bd6 24. Rb1 b5 25. a5 Rc8 26. h4 h5 27. g3 Nf8 28. Ne1 Ne6 29. Nc2 Ke7 30. Kg2 Kd7 31. f4 Re8 32. Kf3 Rg8 33. Rg1 g5 34. hxg5 fxg5 35. Rh1 g4+ 36. Kf2 Ng7 37. Nc1 Re8 38. Nb3 Kc7 39. Nc5 Bxc5 40. dxc5 Rh8 41. Nd4 Kd7 42. Re1 Re8 43. Rxe8 Nxe8 44. f5 Nf6 45. Ke3 Nh7 46. Kf4 Kc7 47. Ne6+ Kd7 48. Ng7 Nf6 49. Kg5 h4 50. Kxh4 d4 51. Ne6 Nd5 52. Nxd4 Nxb4 53. Kxg4 Nxd3 54. f6 Nxc5 55. Kf5 b4 56. f7 Ke7 57. Nxc6+ Kxf7 58. Nxb4 Nb3 59. Nxa6 Nxa5 60. Nc5 Nc4 61. Ne4 Ne3+ 62. Kf4 Nd5+ 63. Ke5 Ne7 64. g4 Kg6 65. Ke6 Ng8 66. g5 Nh6 1/2-1/2

[Event "DFMMLV 2019"]
[Site "Braunfels"]
[Date "2019.06.20"]
[Round "1.15"]
[White "Pralle, Katharina"]
[Black "Luecke, Kristina"]
[Result "1-0"]
[ECO "A16"]
[WhiteElo "1971"]
[BlackElo "1513"]
[Annotator "NA"]
[PlyCount "61"]
[EventDate "2019.06.20"]
[EventType "team-tourn"]
[EventCountry "GER"]
[SourceTitle "playchess.com"]
[Source "ChessBase"]
[SourceQuality "1"]
[WhiteTeam "Hessen 1"]
[BlackTeam "Niedersachsen Bremen"]
[TimeControl "40/5400+30:1800+30"]

1. c4 Nf6 2. Nc3 g6 3. g3 Bg7 4. Bg2 O-O 5. Nf3 d6 6. d3 Nc6 7. Bd2 a6 8. Qc1 Ng4 9. h3 Nge5 10. Bh6 Nxf3+ 11. Bxf3 e5 12. Bxg7 Kxg7 13. h4 Nd4 14. Bg2 c6 15. h5 g5 16. h6+ Kg6 17. Qd2 f5 18. O-O-O Bd7 19. e3 Ne6 20. d4 exd4 21. exd4 Nc7 22. Qd3 Qf6 23. Bh3 b5 24. Bg2 b4 25. Na4 Rab8 26. c5 Nb5 27. Nb6 Qf7 28. Nc4 Qf6 29. Qf3 g4 30. Qf4 dxc5 31. Ne5+ 1-0

[Event "DFMMLV 2019"]
[Site "Braunfels"]
[Date "2019.06.20"]
[Round "1.16"]
[White "Evering, Kira"]
[Black "Heymann-Lobzhanidze, Anna-Luise"]
[Result "0-1"]
[ECO "C45"]
[WhiteElo "1332"]
[BlackElo "1950"]
[Annotator "NA RC"]
[PlyCount "59"]
[EventDate "2019.06.20"]
[EventType "team-tourn"]
[EventCountry "GER"]
[SourceTitle "playchess.com"]
[Source "ChessBase"]
[SourceQuality "1"]
[WhiteTeam "Niedersachsen Bremen"]
[BlackTeam "Hessen 1"]
[TimeControl "40/5400+30:1800+30"]

1. e4 e5 2. Nf3 Nc6 3. d4 exd4 4. Nxd4 Bc5 5. Nb3 Bb6 6. Nc3 d6 7. Qe2 Be6 8. Be3 Nge7 9. O-O-O Ne5 10. Qd2 O-O 11. Kb1 Nc4 12. Bxc4 Bxc4 13. Na4 Bxe3 14. Qxe3 b5 15. Nc3 b4 16. Na5 Be6 17. Nd5 Bxd5 18. exd5 Re8 19. Qb3 c5 20. dxc6 Qxa5 21. Rxd6 Rad8 22. Rhd1 Nxc6 23. c3 bxc3 24. Qxc3 Qxc3 25. bxc3 g6 26. Kc1 Rxd6 27. Rxd6 Ne5 28. Rd2 Nc4 29. Rc2 Re7 30. Kd1 0-1

[Event "DFMMLV 2019"]
[Site "Braunfels"]
[Date "2019.06.20"]
[Round "1.17"]
[White "Brandt, Carina"]
[Black "Khrapko, Marharyta"]
[Result "1/2-1/2"]
[ECO "B22"]
[WhiteElo "2085"]
[BlackElo "2074"]
[Annotator "NA"]
[PlyCount "134"]
[EventDate "2019.06.20"]
[EventType "team-tourn"]
[EventCountry "GER"]
[SourceTitle "playchess.com"]
[Source "ChessBase"]
[SourceQuality "1"]
[WhiteTeam "Hamburg"]
[BlackTeam "Bayern 1"]
[TimeControl "40/5400+30:1800+30"]

1. e4 c5 2. c3 Nf6 3. e5 Nd5 4. Nf3 Nc6 5. d4 d6 6. Bc4 e6 7. O-O Be7 8. Nbd2 O-O 9. Ne4 $11 dxe5 10. Nxe5 cxd4 11. Nxc6 bxc6 12. Qxd4 Qb6 13. Qd3 Qc7 14. Re1 a5 15. Bb3 Ba6 16. Qf3 Rad8 17. Bc2 h6 18. Bxh6 gxh6 19. Qg4+ Kh8 20. Qh5 Qf4 21. g3 Rg8 22. Kh1 Nf6 23. Qxf7 Qf3+ 24. Kg1 Rg7 25. Qxe6 Bc8 26. Bd1 Rxd1 27. Qxc8+ Rg8 28. Qxg8+ Kxg8 29. Nxf6+ Qxf6 30. Raxd1 Bc5 31. Rd2 a4 32. Re4 a3 33. Rg4+ Kh8 34. Kg2 axb2 35. Rxb2 h5 36. Ra4 Kg7 37. Rb7+ Kg6 38. Rf4 Qxc3 39. Rf3 Qc4 40. Rc7 Qd5 41. a4 Bb4 42. h3 c5 43. g4 h4 44. Ra7 c4 45. Ra6+ Bd6 46. a5 c3 47. Rxd6+ Qxd6 48. Rxc3 Qd5+ 49. Kg1 Qxa5 50. Rf3 Qe1+ 51. Kh2 Qe5+ 52. Kg1 Qd5 53. Rf5 Qe4 54. Kh2 Kg7 55. Kg1 Qd3 56. Kg2 Qe2 57. Kg1 Qd1+ 58. Kg2 Qd3 59. Kh2 Qf1 60. Rf3 Qd1 61. Rf5 Qe1 62. Kg2 Qe4+ 63. Kh2 Qd3 64. Kg2 Qd6 65. Kg1 Qd1+ 66. Kg2 Qd6 67. Kg1 Qd1+ 1/2-1/2

[Event "DFMMLV 2019"]
[Site "Braunfels"]
[Date "2019.06.20"]
[Round "1.18"]
[White "Siegl, Melina"]
[Black "Wulf, Constanze"]
[Result "1-0"]
[ECO "B50"]
[WhiteElo "2029"]
[BlackElo "1711"]
[Annotator "NA"]
[PlyCount "67"]
[EventDate "2019.06.20"]
[EventType "team-tourn"]
[EventCountry "GER"]
[SourceTitle "playchess.com"]
[Source "ChessBase"]
[SourceQuality "1"]
[WhiteTeam "Bayern 1"]
[BlackTeam "Hamburg"]
[TimeControl "40/5400+30:1800+30"]

1. e4 c5 2. Nf3 d6 3. d3 g6 4. g3 Bg7 5. Bg2 Nc6 6. c3 Nf6 7. h3 O-O 8. O-O Rb8 9. Nh4 Qc7 10. f4 e5 11. f5 b5 12. Be3 b4 13. c4 Nd4 14. Nd2 Bd7 15. g4 Rfd8 16. Ndf3 a5 17. Qd2 b3 18. Nxd4 cxd4 19. Bh6 bxa2 20. Bxg7 Kxg7 21. Rxa2 Rb3 22. Bf3 Rdb8 23. Bd1 R3b4 24. b3 Qd8 25. Nf3 Qb6 26. Qf2 Qd8 27. Kh2 Ra8 28. fxg6 fxg6 29. g5 Nh5 30. Nxd4 exd4 31. Qxd4+ Kg8 32. Qd5+ Kh8 33. Bxh5 gxh5 34. Rf7 1-0

[Event "DFMMLV 2019"]
[Site "Braunfels"]
[Date "2019.06.20"]
[Round "1.19"]
[White "Tobianski, Karina"]
[Black "Stangl, Anita"]
[Result "0-1"]
[ECO "C00"]
[WhiteElo "1680"]
[BlackElo "2010"]
[Annotator "NA"]
[PlyCount "94"]
[EventDate "2019.06.20"]
[EventType "team-tourn"]
[EventCountry "GER"]
[SourceTitle "playchess.com"]
[Source "ChessBase"]
[SourceQuality "1"]
[WhiteTeam "Hamburg"]
[BlackTeam "Bayern 1"]
[TimeControl "40/5400+30:1800+30"]

1. e4 e6 2. d3 d5 3. Nd2 Nf6 4. g3 c5 5. Bg2 Nc6 6. Ngf3 d4 7. O-O e5 8. Nc4 Qc7 9. a4 Be7 10. Nh4 g6 11. f4 Nh5 12. fxe5 Nxe5 13. Nxe5 Qxe5 14. Nf3 Qc7 15. Bh6 Bg4 16. Qd2 O-O-O 17. Ng5 Bxg5 18. Bxg5 Rde8 19. a5 Be6 20. b4 Rhf8 21. b5 f6 22. Bh6 Rf7 23. b6 axb6 24. axb6 Qxb6 25. Rfb1 Qc6 26. e5 Bd5 27. Ra8+ Kd7 28. e6+ Rxe6 29. Qa5 Re8 30. Rxe8 Kxe8 31. Re1+ Kd7 32. Bxd5 Qxd5 33. Qa8 Ng7 34. Bxg7 Rxg7 35. Re8 Kc7 36. Qa5+ Kc6 37. Rc8+ Kd6 38. Rd8+ Rd7 39. Qb6+ Qc6 40. Rxd7+ Kxd7 41. Qb3 Qf3 42. Qf7+ Kc6 43. Qe6+ Kc7 44. Qe7+ Kb6 45. Qd6+ Kb5 46. Qd7+ Kb4 47. Qxh7 Qd1+ 0-1

[Event "DFMMLV 2019"]
[Site "Braunfels"]
[Date "2019.06.20"]
[Round "1.20"]
[White "Ankerst, Milka"]
[Black "Neumann, Ramona"]
[Result "1-0"]
[ECO "C16"]
[WhiteElo "2005"]
[BlackElo "1709"]
[Annotator "NA"]
[PlyCount "71"]
[EventDate "2019.06.20"]
[EventType "team-tourn"]
[EventCountry "GER"]
[SourceTitle "playchess.com"]
[Source "ChessBase"]
[SourceQuality "1"]
[WhiteTeam "Bayern 1"]
[BlackTeam "Hamburg"]
[TimeControl "40/5400+30:1800+30"]

1. e4 e6 2. d4 d5 3. Nc3 Bb4 4. e5 Ne7 5. a3 Bxc3+ 6. bxc3 b6 7. Nf3 c5 8. Bd3 Ba6 9. O-O Bxd3 10. Qxd3 c4 11. Qe2 Nd7 12. Ng5 h6 13. Qh5 O-O 14. Nh3 Nf5 15. Qe2 Re8 16. g4 Qh4 17. Kg2 Ne7 18. f4 Rf8 19. Bd2 Nc6 20. Be1 Qe7 21. f5 exf5 22. gxf5 Rae8 23. Qg4 Ncxe5 24. dxe5 Qxe5 25. Bd2 Nf6 26. Qf4 Qe4+ 27. Qxe4 dxe4 28. Be3 Rd8 29. Bd4 Nd5 30. Kf2 Rfe8 31. Rg1 Nc7 32. Rxg7+ Kf8 33. Rh7 Nb5 34. f6 Kg8 35. Rxh6 Nxd4 36. Rg1+ 1-0

[Event "DFMMLV 2019"]
[Site "Braunfels"]
[Date "2019.06.20"]
[Round "1.21"]
[White "Hoefner, Nina"]
[Black "Mehling, Katharina"]
[Result "0-1"]
[ECO "C14"]
[WhiteElo "1557"]
[BlackElo "1974"]
[Annotator "NA"]
[PlyCount "76"]
[EventDate "2019.06.20"]
[EventType "team-tourn"]
[EventCountry "GER"]
[SourceTitle "playchess.com"]
[Source "ChessBase"]
[SourceQuality "1"]
[WhiteTeam "Hamburg"]
[BlackTeam "Bayern 1"]
[TimeControl "40/5400+30:1800+30"]

1. e4 e6 2. d4 d5 3. Nc3 Nf6 4. Bg5 Be7 5. e5 Nfd7 6. Bxe7 Qxe7 7. Nf3 a6 8. Be2 c5 9. O-O Nc6 10. a3 cxd4 11. Nxd4 Ndxe5 12. Rb1 O-O 13. Qd2 Bd7 14. f4 Qc5 15. Rbd1 Qxd4+ 16. Qxd4 Nxd4 17. Rxd4 Nc6 18. Rd2 b5 19. Ra1 Na5 20. b4 Nc4 21. Bxc4 bxc4 22. Rdd1 Rfb8 23. Rdb1 Kf8 24. Kf2 Ke7 25. Ke3 Kd6 26. Rd1 a5 27. Na2 Ba4 28. Rdc1 f6 29. c3 Bb3 30. Rf1 Bxa2 31. Rxa2 axb4 32. cxb4 Rxb4 33. Kd2 Rb3 34. Rfa1 Ra4 35. Kc2 d4 36. Kc1 Kd5 37. Kc2 d3+ 38. Kd2 Kd4 0-1

[Event "DFMMLV 2019"]
[Site "Braunfels"]
[Date "2019.06.20"]
[Round "1.22"]
[White "Braun, Kristin"]
[Black "Harder, Daniella"]
[Result "1-0"]
[ECO "B14"]
[WhiteElo "1895"]
[BlackElo "1630"]
[Annotator "NA"]
[PlyCount "63"]
[EventDate "2019.06.20"]
[EventType "team-tourn"]
[EventCountry "GER"]
[SourceTitle "playchess.com"]
[Source "ChessBase"]
[SourceQuality "1"]
[WhiteTeam "Bayern 1"]
[BlackTeam "Hamburg"]
[TimeControl "40/5400+30:1800+30"]

1. e4 c6 2. d4 d5 3. exd5 cxd5 4. c4 Nf6 5. Nc3 g6 6. Nf3 Bg7 7. Be3 O-O 8. Qb3 Nbd7 9. c5 Re8 10. Nxd5 Nxd5 11. Qxd5 e5 12. O-O-O Qc7 13. dxe5 Re6 14. Ng5 Rxe5 15. Qxf7+ Kh8 16. Ne6 Rxe6 17. Qxe6 Nf6 18. Qd6 Qf7 19. Qd8+ Ng8 20. b3 b5 21. Bxb5 Bb7 22. Qd7 Qf6 23. Bd4 Qf4+ 24. Rd2 Bxd4 25. Qxd4+ Qxd4 26. Rxd4 Bxg2 27. Rg1 Rb8 28. Ba4 Bh3 29. Rg3 Bf5 30. Rc3 Nf6 31. c6 Ne8 32. c7 1-0